 Dungeon Crawl Stone Soup version 0.31-a0-210-gccc998df9b (webtiles) character file.

Game seed: 17960092600510501130

33653 qw the Cleaver (level 13, -3/84 HPs)
             Began as a Gargoyle Fighter on June 30, 2023.
             Was an Elder of Okawaru.
             Slain by a komodo dragon (20 damage)
             ... on level 5 of the Lair of Beasts.
             The game lasted 00:07:08 (13569 turns).

qw the Cleaver (Gargoyle Fighter)                  Turns: 13569, Time: 00:07:09

Health: -3/84      AC: 31    Str: 26    XL:     13   Next: 72%
Magic:  16/18      EV: 13    Int:  8    God:    Okawaru [****..]
Gold:   488        SH:  7    Dex: 15    Spells: 12/12 levels left

rFire   . . .        Y - +4 war axe
rCold   . . .        c - +0 buckler
rNeg    + + .        n - +0 chain mail
rPois   inf          j - +2 hat
rElec   +            g - +2 cloak
rCorr   .            k - +2 pair of gloves
SInv    .            (no boots)
Will    .....        (no amulet) Stlth
                     t - +6 ring of dexterity
HPRegen 0.34/turn    r - ring of positive energy
MPRegen 0.16/turn

%: no passive effects
@: heroic
A: sickness immunity, AC +9, negative energy resistance 1, electricity
resistance, torment resistance 1, petrification resistance
a: Renounce Religion, Heroism, Finesse


You were on level 5 of the Lair of Beasts.
You worshipped Okawaru.
Okawaru was greatly pleased with you.
You visited 3 branches of the dungeon, and saw 15 of its levels.
You also visited: Ossuary.

You collected 632 gold pieces.
You spent 144 gold pieces at shops.


Innate Abilities, Weirdness & Mutations

You are immune to sickness and miasma.
Your stone body is resilient. (AC +9)
You are immune to poison.
You resist negative energy. (rN+)
You are resistant to electric shocks. (rElec)
You are resistant to unholy torment.
You are immune to petrification.


   Skills:
 - Level 11.0(16.0) Fighting
 + Level 14.7(19.7) Axes
 - Level 6.0(11.0) Throwing
 - Level 8.1(13.1) Armour
 - Level 4.1(9.1) Dodging
 - Level 7.0(12.0) Shields
 + Level 7.6 Invocations


You had 12 spell levels left.
You didn't know any spells.
Your spell library was empty.

Inventory:

Hand Weapons
 b - a +0 war axe of flaming
 Y - a +4 war axe (weapon)
Missiles
 v - 2 javelins (quivered)
Armour
 c - a +0 buckler (worn)
 e - +0 acid dragon scales
 g - a +2 cloak (worn)
 j - a +2 hat (worn)
 k - a +2 pair of gloves (worn)
 n - a +0 chain mail (worn)
Jewellery
 m - a ring of see invisible
 r - a ring of positive energy (right hand)
 t - a +6 ring of dexterity (left hand)
Scrolls
 a - 8 scrolls of identify
 p - a scroll of blinking {unknown}
Potions
 d - 3 potions of might
 f - a potion of resistance
 h - 3 potions of magic
 l - a potion of attraction
 o - 7 potions of curing
 q - 3 potions of mutation

Dungeon Overview and Level Annotations

Branches:
Dungeon (9/15)             Temple (1/1) D:5            Lair (4/5) D:9
  Swamp (0/4) Lair:2        Snake (0/4) Lair:2        Slime (0/5) Lair:5
Ossuary (visited)
    Orc: D:9-12

Altars:
Ashenzari
Cheibriados
Dithmenos
Elyvilon
Fedhas
Gozag
Hepliaklqana
Kikubaaqudgha
Makhleb
Nemelex Xobeh
Okawaru
Qazlal
Ru
Sif Muna
Trog
Uskayaw
Vehumet
Wu Jian
Xom
Yredelemnul
Zin
The Shining One

Shops:
D:5 *   D:6 :

Annotations:
D:7 3 runed translucent doors, qw's ghost, novice GrFi
D:8 4 transporters


Message History

You block the wyvern's attack. The black mamba barely misses you.
You slash the wyvern!
You kill the wyvern!
Okawaru accepts your kill.
You hit the black mamba. The black mamba closely misses you.
You closely miss the black mamba.
The black mamba is severely wounded.
You hit the komodo dragon. You block the black mamba's attack.
The black mamba barely misses you.
You closely miss the black mamba.
The black mamba is severely wounded.
You barely miss the komodo dragon.
You feel like a meek peon again.
The komodo dragon hisses menacingly.
The komodo dragon bites you!
The black mamba bites you but does no damage.
13564 ||| INVOKING Heroism.
You gain the combat prowess of a mighty hero.
The black mamba closely misses you. You block the komodo dragon's attack.
The black mamba completely misses you.
You miss the black mamba.
The black mamba is severely wounded.
You barely miss the komodo dragon.
The black mamba bites you but does no damage.
The komodo dragon bites you but does no damage.
You slice the black mamba!!
You kill the black mamba!
Okawaru accepts your kill.
You hit the komodo dragon. You hit the komodo dragon.
The komodo dragon is moderately wounded.
The komodo dragon barely misses you.
You hit the komodo dragon.
The komodo dragon is heavily wounded.
The komodo dragon bites you but does no damage.
You slice the komodo dragon!!
The komodo dragon is almost dead.
The komodo dragon bites you!!
You die...

..#..(#..(... .
. .... ...P. ..
#..>..#....#
... . .......#.
....#...#......
....?.#........
...............
......%@.......
......l%...##..
.....#....##
.#.. .......
... ......P..
.. ...........#
. .#.......##.#
......(...# ##


You could see a komodo dragon.

Vanquished Creatures
  Harold (Lair:1)
  2 hydras
  A two-headed ogre (D:9)
  A death yak (Lair:5)
  A deep troll (Lair:1)
  2 wolf spiders (Lair:5)
  6 black mambas
  5 elephants (Lair:5)
  A guardian serpent (Lair:5)
  A torpor snail (Lair:1)
  7 cane toads
  Joseph (D:8)
  Maggie (D:6)
  2 rime drakes
  Psyche (D:8)
  6 komodo dragons
  A queen bee (Lair:3)
  A troll (D:9)
  3 hornets
  2 polar bears
  8 blink frogs
  A shadow (D:9)
  44 yaks
  A spriggan (Lair:5)
  8 wyverns
  A basilisk (Lair:2)
  Grum (D:9)
  A redback (Lair:5)
  Eustachio (D:6)
  Menkaure (D:5)
  2 acid dragons (D:8)
  18 water moccasins
  Duvessa (D:5)
  An orc warrior (D:8)
  2 ice beasts
  4 black bears
  A sky beast (D:6)
  2 ogres (D:7)
  19 wolves
  2 centaurs
  12 bullfrogs
  Blork the orc (D:6)
  A gnoll sergeant (D:8)
  3 scorpions
  A water moccasin zombie (Ossuary)
  4 wights (D:8)
  Dowan (D:5)
  28 killer bees
  7 howler monkeys
  5 electric eels
  5 jellies
  3 orc priests
  7 hounds
  4 iguanas
  A sleepcap (D:5)
  5 orc wizards
  2 mummies (Ossuary)
  15 gnolls
  5 adders
  A shadow imp (D:6)
  13 white imps
  8 adder zombies (Ossuary)
  3 worms (D:2)
  18 orcs
  7 ball pythons
  7 endoplasms
  2 giant cockroaches
  3 gnoll zombies (Ossuary)
  9 goblins
  6 hobgoblins
  2 jackals (D:1)
  5 quokkas
  6 bats
  A frilled lizard (D:1)
  4 hobgoblin zombies (Ossuary)
  6 kobolds
  2 kobold zombies (Ossuary)
  6 orc zombies (Ossuary)
  6 rats
  A butterfly (Lair:1)
391 creatures vanquished.

Notes
Turn   | Place    | Note
-------+----------+-------------------------------------------
     0 | D:1      | qw the Gargoyle Fighter began the quest for the Orb.
     0 | D:1      | Reached XP level 1. HP: 14/14 MP: 1/1
     0 | D:1      | 0 ||| qw: Version: 0.3-a-26-gee661ec
     0 | D:1      | 0 ||| qw: Game counter: 7204
     0 | D:1      | 0 ||| qw: Melee chars always use a shield: true
     0 | D:1      | 0 ||| qw: God list: Okawaru
     0 | D:1      | 0 ||| qw: Allow faded altars: false
     0 | D:1      | 0 ||| qw: Do Orc after clearing Dungeon:15 true
     0 | D:1      | 0 ||| qw: Do second Lair branch before Depths: true
     0 | D:1      | 0 ||| qw: Lair rune preference: random
     0 | D:1      | 0 ||| qw: Goals: Normal, Zot:1-4, Slime:5, God:TSO, Crypt,
                  | Tomb, Abyss, Pan, Hells, Win
     0 | D:1      | 0 ||| PLANNING D:1-11
    53 | D:1      | Reached skill level 2 in Axes
   177 | D:1      | Reached XP level 2. HP: 19/19 MP: 2/2
   213 | D:1      | 213 ||| Stepping ~*~*~tactically~*~*~ (stealth).
   217 | D:1      | 217 ||| Stepping ~*~*~tactically~*~*~ (stealth).
   266 | D:1      | Found a faded altar of an unknown god.
   377 | D:1      | 377 ||| Stepping ~*~*~tactically~*~*~ (stealth).
   378 | D:1      | 378 ||| Stepping ~*~*~tactically~*~*~ (stealth).
   413 | D:1      | 413 ||| Stepping ~*~*~tactically~*~*~ (stealth).
   423 | D:1      | Reached skill level 3 in Axes
   443 | D:1      | Reached XP level 3. HP: 23/23 MP: 3/3
   662 | D:1      | 662 ||| UPGRADING to +2 hat.
   667 | D:1      | 667 ||| UPGRADING to +0 pair of gloves.
   672 | D:1      | 672 ||| READING scroll labelled TYH AKLAES.
   687 | D:1      | 687 ||| READING scroll labelled DOYTHIOLAMI.
   746 | D:2      | 746 ||| STAIRDANCE
   915 | D:2      | Reached XP level 4. HP: 28/28 MP: 4/4
  1037 | D:2      | Reached skill level 4 in Axes
  1045 | D:2      | 1045 ||| FLEEEEING.
  1146 | D:2      | 1146 ||| Stepping ~*~*~tactically~*~*~ (stealth).
  1147 | D:2      | 1147 ||| Stepping ~*~*~tactically~*~*~ (stealth).
  1305 | D:2      | 1305 ||| UPGRADING to +0 chain mail.
  1315 | D:2      | 1315 ||| DROPPING +0 scale mail.
  1316 | D:2      | 1316 ||| READING scroll labelled ESEULAMAOBB.
  1317 | D:2      | 1317 ||| READING scroll labelled YVEAME HUOTAOZ.
  1318 | D:2      | 1318 ||| READING scroll labelled ETEQ IMUOKK.
  1416 | D:3      | Found a snail-covered altar of Cheibriados.
  1589 | D:3      | 1589 ||| DROPPING +0 club.
  2172 | D:3      | 2172 ||| DROPPING +2 hat.
  2173 | D:3      | 2173 ||| DRINKING 3 golden potions.
  2174 | D:3      | 2174 ||| DROPPING 2 potions of degeneration.
  2189 | D:4      | 2189 ||| PLANNING OSSUARY
  2372 | D:4      | 2372 ||| Stepping ~*~*~tactically~*~*~ (stealth).
  2445 | D:4      | Found a sand-covered staircase.
  2446 | D:4      | 2446 ||| READING scroll labelled WAOXZA AGUFOETIGI.
  2451 | Ossuary  | Entered an ossuary
  2462 | Ossuary  | Reached XP level 5. HP: 32/32 MP: 5/5
  2477 | Ossuary  | Reached skill level 5 in Axes
  2618 | Ossuary  | Reached XP level 6. HP: 35/38 MP: 6/6
  2636 | Ossuary  | 2636 ||| READING scroll of enchant armour.
  2636 | Ossuary  | 2636 ||| ENCHANTING +0 pair of gloves.
  2657 | Ossuary  | 2657 ||| READING scroll labelled PIRGHO DAIXKI.
  2658 | Ossuary  | 2658 ||| DRINKING 2 fizzy dark potions.
  2659 | Ossuary  | 2659 ||| DRINKING 2 lumpy emerald potions.
  2660 | Ossuary  | 2660 ||| DRINKING 2 fuming amethyst potions.
  2661 | Ossuary  | 2661 ||| DROPPING potion of brilliance.
  2667 | D:4      | 2667 ||| PLANNING D:1-11
  2719 | D:4      | Found a radiant altar of Vehumet.
  2723 | D:4      | Found a broken altar of Ashenzari.
  3049 | D:4      | 3049 ||| DRINKING 3 purple potions.
  3054 | D:5      | Entered Level 5 of the Dungeon
  3066 | D:5      | Found a staircase to the Ecumenical Temple.
  3067 | D:5      | 3067 ||| PLANNING TEMPLE
  3075 | Temple   | Entered the Ecumenical Temple
  3222 | Temple   | 3222 ||| PLANNING D:1-11
  3315 | D:5      | Noticed a wyvern
  3320 | D:5      | Killed a wyvern
  3321 | D:5      | Reached skill level 6 in Axes
  3321 | D:5      | Reached XP level 7. HP: 38/43 MP: 7/7
  3338 | D:5      | Found a glowing golden altar of the Shining One.
  3359 | D:5      | 3359 ||| Stepping ~*~*~tactically~*~*~ (stealth).
  3369 | D:5      | 3369 ||| Stepping ~*~*~tactically~*~*~ (hiding).
  3373 | D:5      | Reached skill level 1 in Dodging
  3397 | D:5      | 3397 ||| Stepping ~*~*~tactically~*~*~ (hiding).
  3508 | D:5      | Found Mur Fisk's Assorted Antiques.
  3518 | D:5      | 3518 ||| BUYING cyan potion (22 gold).
  3518 | D:5      | Bought a cyan potion for 22 gold pieces
  3518 | D:5      | 3518 ||| BUYING inky potion (22 gold).
  3518 | D:5      | Bought an inky potion for 22 gold pieces
  3518 | D:5      | 3518 ||| BUYING potion of curing (75 gold).
  3518 | D:5      | Bought a potion of curing for 75 gold pieces
  3518 | D:5      | 3518 ||| SHOPLISTING runed hat (175 gold, have 55).
  3518 | D:5      | 3518 ||| BUYING scroll labelled JYPHYH NEOKUG (25 gold).
  3518 | D:5      | Bought a scroll labelled JYPHYH NEOKUG for 25 gold pieces
  3536 | D:5      | 3536 ||| Stepping ~*~*~tactically~*~*~ (hiding).
  3537 | D:5      | 3537 ||| Stepping ~*~*~tactically~*~*~ (hiding).
  3790 | D:5      | Reached skill level 7 in Axes
  3887 | D:5      | 3887 ||| Stepping ~*~*~tactically~*~*~ (stealth).
  3981 | D:5      | 3981 ||| DROPPING +0 whip.
  4131 | D:5      | Found a blossoming altar of Fedhas.
  4285 | D:5      | 4285 ||| UPGRADING to +6 ring of dexterity.
  4286 | D:5      | 4286 ||| READING scroll labelled WAXZIK ZOFOYR.
  4287 | D:5      | 4287 ||| READING scroll labelled PUWO NECUXAFASH.
  4288 | D:5      | 4288 ||| READING scroll labelled JYPHYH NEOKUG.
  4289 | D:5      | 4289 ||| DRINKING 2 cyan potions.
  4291 | D:5      | 4291 ||| READING 2 scrolls of identify.
  4291 | D:5      | 4291 ||| IDENTIFYING sedimented green potion
  4292 | D:5      | 4292 ||| DROPPING potion of ambrosia.
  4312 | D:5      | Reached XP level 8. HP: 50/50 MP: 8/8
  4321 | D:6      | Noticed Duvessa
  4321 | D:6      | Noticed Dowan
  4321 | D:6      | Noticed Menkaure
  4326 | D:6      | 4326 ||| STAIRDANCE
  4332 | D:5      | Killed Menkaure
  4417 | D:6      | 4417 ||| STAIRDANCE
  4421 | D:5      | Killed Dowan
  4428 | D:5      | Killed Duvessa
  4513 | D:6      | Reached skill level 8 in Axes
  4517 | D:6      | 4517 ||| Stepping ~*~*~tactically~*~*~ (stealth).
  4531 | D:6      | Reached skill level 6 in Fighting
  4560 | D:6      | Noticed Blork the orc
  4561 | D:6      | 4561 ||| Stepping ~*~*~tactically~*~*~ (hiding).
  4582 | D:6      | Killed Blork the orc
  4646 | D:6      | 4646 ||| FLEEEEING.
  4651 | D:6      | 4651 ||| STAIRDANCE
  4716 | D:6      | 4716 ||| Stepping ~*~*~tactically~*~*~ (stealth).
  4727 | D:6      | Found a white marble altar of Elyvilon.
  4753 | D:6      | 4753 ||| Stepping ~*~*~tactically~*~*~ (stealth).
  4753 | D:6      | Noticed Maggie
  4754 | D:6      | 4754 ||| Stepping ~*~*~tactically~*~*~ (hiding).
  4766 | D:6      | HP: 9/51 [Maggie/+0 war axe of flaming (9)]
  4766 | D:6      | HP: 4/51 [Maggie/+0 war axe of flaming (5)]
  4767 | D:6      | 4767 ||| DRINKING potion of heal wounds.
  4771 | D:6      | HP: 10/51 [Maggie/+0 war axe of flaming (8)]
  4776 | D:6      | HP: 8/51 [Maggie/+0 war axe of flaming (1)]
  4778 | D:6      | Killed Maggie
  4779 | D:6      | Reached skill level 9 in Axes
  4779 | D:6      | Reached XP level 9. HP: 8/55 MP: 9/9
  4886 | D:6      | 4886 ||| Stepping ~*~*~tactically~*~*~ (stealth).
  4888 | D:6      | 4888 ||| Stepping ~*~*~tactically~*~*~ (stealth).
  4937 | D:6      | 4937 ||| SWAPPING to +0 war axe of flaming.
  4938 | D:6      | 4938 ||| DROPPING +0 mace.
  4939 | D:6      | 4939 ||| DROPPING +0 war axe of chaos.
  4941 | D:6      | Found Vunioxko's Book Boutique.
  4979 | D:6      | 4979 ||| READING scroll of enchant armour.
  4979 | D:6      | 4979 ||| ENCHANTING +1 pair of gloves.
  5266 | D:6      | Noticed Eustachio
  5271 | D:6      | 5271 ||| FLEEEEING.
  5272 | D:6      | 5272 ||| FLEEEEING.
  5273 | D:6      | 5273 ||| FLEEEEING.
  5274 | D:6      | 5274 ||| FLEEEEING.
  5275 | D:6      | 5275 ||| FLEEEEING.
  5276 | D:6      | 5276 ||| FLEEEEING.
  5277 | D:6      | 5277 ||| FLEEEEING.
  5278 | D:6      | 5278 ||| FLEEEEING.
  5279 | D:6      | 5279 ||| FLEEEEING.
  5280 | D:6      | 5280 ||| FLEEEEING.
  5281 | D:6      | 5281 ||| FLEEEEING.
  5282 | D:6      | 5282 ||| FLEEEEING.
  5283 | D:6      | 5283 ||| FLEEEEING.
  5284 | D:6      | 5284 ||| FLEEEEING.
  5285 | D:6      | 5285 ||| FLEEEEING.
  5286 | D:6      | 5286 ||| FLEEEEING.
  5287 | D:6      | 5287 ||| FLEEEEING.
  5288 | D:6      | 5288 ||| FLEEEEING.
  5289 | D:6      | 5289 ||| FLEEEEING.
  5290 | D:6      | 5290 ||| FLEEEEING.
  5291 | D:6      | 5291 ||| FLEEEEING.
  5292 | D:6      | 5292 ||| FLEEEEING.
  5293 | D:6      | 5293 ||| FLEEEEING.
  5294 | D:6      | 5294 ||| STAIRDANCE
  5306 | D:5      | 5306 ||| DRINKING 2 red potions.
  5307 | D:5      | 5307 ||| READING 2 scrolls of identify.
  5307 | D:5      | 5307 ||| IDENTIFYING inky potion
  5351 | D:6      | 5351 ||| Stepping ~*~*~tactically~*~*~ (hiding).
  5373 | D:6      | Killed Eustachio
  5513 | D:6      | 5513 ||| Stepping ~*~*~tactically~*~*~ (stealth).
  5514 | D:6      | 5514 ||| Stepping ~*~*~tactically~*~*~ (stealth).
  5515 | D:6      | 5515 ||| Stepping ~*~*~tactically~*~*~ (stealth).
  5517 | D:6      | 5517 ||| Stepping ~*~*~tactically~*~*~ (hiding).
  5644 | D:7      | Noticed a +0 dagger
  5646 | D:7      | Noticed a +0 dagger
  5658 | D:7      | Found a hide-covered altar of Uskayaw.
  5717 | D:7      | Noticed a hornet
  5728 | D:7      | Killed a hornet
  5883 | D:7      | Found a runed translucent gate.
  5883 | D:7      | Found a runed translucent gate.
  5883 | D:7      | Found a runed translucent gate.
  5884 | D:7      | Noticed qw's ghost (novice GrFi)
  6013 | D:7      | You fall into a shaft and drop 1 floor!
  6013 | D:8      | Found a transporter.
  6015 | D:8      | Found a transporter.
  6015 | D:8      | Found a transporter.
  6069 | D:8      | 6069 ||| Stepping ~*~*~tactically~*~*~ (hiding).
  6107 | D:8      | Reached skill level 10 in Axes
  6120 | D:8      | 6120 ||| DRINKING 5 potions of curing.
  6120 | D:8      | 6120 ||| (to cure confusion)
  6172 | D:8      | Reached XP level 10. HP: 46/63 MP: 10/10
  6174 | D:8      | 6174 ||| Stepping ~*~*~tactically~*~*~ (stealth).
  6187 | D:8      | 6187 ||| Stepping ~*~*~tactically~*~*~ (stealth).
  6231 | D:8      | 6231 ||| SWAPPING to +3 war axe.
  6268 | D:8      | 6268 ||| Stepping ~*~*~tactically~*~*~ (stealth).
  6289 | D:8      | 6289 ||| UPGRADING to +0 cloak.
  6555 | D:7      | 6555 ||| READING scroll labelled LAITOM EGENYER.
  6569 | D:8      | 6569 ||| Stepping ~*~*~tactically~*~*~ (hiding).
  6572 | D:8      | 6572 ||| Stepping ~*~*~tactically~*~*~ (hiding).
  6573 | D:8      | 6573 ||| Stepping ~*~*~tactically~*~*~ (hiding).
  6839 | D:8      | Reached skill level 11 in Axes
  7084 | D:8      | Found an iron altar of Okawaru.
  7086 | D:8      | 7086 ||| PLANNING OKAWARU WORSHIP
  7194 | D:8      | Found a glowing silver altar of Zin.
  7252 | D:8      | Found a transporter.
  7345 | D:8      | Noticed Joseph
  7358 | D:8      | Killed Joseph
  7359 | D:8      | Reached skill level 6 in Armour
  7474 | D:8      | Became a worshipper of Warmaster Okawaru
  7475 | D:8      | 7475 ||| PLANNING D:1-11
  7498 | D:9      | Noticed Psyche
  7507 | D:9      | Reached skill level 3 in Dodging
  7507 | D:9      | 7507 ||| STAIRDANCE
  7523 | D:8      | Killed Psyche
  7649 | D:9      | 7649 ||| STAIRDANCE
  7653 | D:8      | HP: 12/65 [yak (12)]
  7654 | D:8      | 7654 ||| DRINKING 2 potions of heal wounds.
  7657 | D:8      | Reached skill level 9 in Fighting
  7659 | D:8      | Reached * piety under Okawaru
  7660 | D:8      | 7660 ||| INVOKING Heroism.
  7664 | D:8      | Reached skill level 1 in Invocations
  7664 | D:8      | Reached XP level 11. HP: 32/71 MP: 8/11
  7821 | D:9      | 7821 ||| Stepping ~*~*~tactically~*~*~ (stealth).
  7861 | D:9      | 7861 ||| INVOKING Heroism.
  7863 | D:9      | Found a staircase to the Lair.
  7876 | D:9      | 7876 ||| INVOKING Heroism.
  7913 | D:9      | 7913 ||| READING 2 scrolls of enchant armour.
  7913 | D:9      | 7913 ||| ENCHANTING +0 cloak.
  7914 | D:9      | 7914 ||| READING scroll of enchant armour.
  7914 | D:9      | 7914 ||| ENCHANTING +1 cloak.
  7924 | D:9      | Noticed Grum
  7925 | D:9      | 7925 ||| INVOKING Heroism.
  7951 | D:9      | 7951 ||| INVOKING Heroism.
  7965 | D:9      | Killed Grum
  8074 | D:9      | Reached skill level 3 in Invocations
  8239 | D:9      | Noticed a two-headed ogre
  8240 | D:9      | 8240 ||| INVOKING Heroism.
  8248 | D:9      | Killed a two-headed ogre
  8249 | D:9      | Reached skill level 12 in Axes
  8375 | D:9      | 8375 ||| Stepping ~*~*~tactically~*~*~ (stealth).
  8407 | D:9      | 8407 ||| Stepping ~*~*~tactically~*~*~ (stealth).
  8437 | D:9      | Reached ** piety under Okawaru
  8460 | D:9      | Found a sparkling altar of Nemelex Xobeh.
  8520 | D:9      | 8520 ||| DROPPING +2 cloak.
  8664 | D:9      | 8664 ||| PLANNING LAIR
  8664 | D:9      | 8664 ||| UPGRADING to ring of positive energy.
  8696 | Lair:1   | Entered Level 1 of the Lair of Beasts
  8697 | Lair:1   | 8697 ||| INVOKING Heroism.
  8709 | Lair:1   | Reached skill level 6 in Shields
  8763 | Lair:1   | Noticed a seven-headed hydra
  8765 | Lair:1   | 8765 ||| INVOKING Heroism.
  8767 | Lair:1   | 8767 ||| SWAPPING to +0 war axe of flaming.
  8775 | Lair:1   | Killed a one-headed hydra
  8776 | Lair:1   | 8776 ||| SWAPPING to +3 war axe.
  8799 | Lair:1   | 8799 ||| Stepping ~*~*~tactically~*~*~ (stealth).
  8835 | Lair:1   | 8835 ||| Stepping ~*~*~tactically~*~*~ (water).
  9014 | Lair:1   | 9014 ||| INVOKING Heroism.
  9164 | Lair:1   | 9164 ||| INVOKING Heroism.
  9302 | Lair:1   | 9302 ||| Stepping ~*~*~tactically~*~*~ (stealth).
  9307 | Lair:1   | Noticed Harold
  9308 | Lair:1   | 9308 ||| INVOKING Heroism.
  9331 | Lair:1   | Killed Harold
  9563 | Lair:1   | 9563 ||| INVOKING Heroism.
  9577 | Lair:1   | Reached XP level 12. HP: 69/77 MP: 15/15
  9581 | Lair:1   | Reached *** piety under Okawaru
  9582 | Lair:1   | Reached skill level 13 in Axes
  9944 | Lair:1   | 9944 ||| INVOKING Heroism.
 10095 | Lair:1   | 10095 ||| READING scroll labelled UXEITE MIPT.
 10125 | Lair:2   | 10125 ||| Stepping ~*~*~tactically~*~*~ (hiding).
 10126 | Lair:2   | 10126 ||| Stepping ~*~*~tactically~*~*~ (hiding).
 10130 | Lair:2   | 10130 ||| INVOKING Heroism.
 10266 | Lair:2   | Found a staircase to the Snake Pit.
 10295 | Lair:2   | 10295 ||| INVOKING Heroism.
 10375 | Lair:2   | 10375 ||| INVOKING Heroism.
 10389 | Lair:2   | Reached **** piety under Okawaru
 10389 | Lair:2   | Received a gift from Okawaru
 10390 | Lair:2   | Reached skill level 14 in Axes
 10450 | Lair:2   | 10450 ||| FLEEEEING.
 10451 | Lair:2   | 10451 ||| FLEEEEING.
 10452 | Lair:2   | 10452 ||| FLEEEEING.
 10453 | Lair:2   | 10453 ||| FLEEEEING.
 10454 | Lair:2   | 10454 ||| FLEEEEING.
 10455 | Lair:2   | 10455 ||| FLEEEEING.
 10665 | Lair:2   | 10665 ||| Stepping ~*~*~tactically~*~*~ (stealth).
 10771 | Lair:2   | 10771 ||| INVOKING Heroism.
 10818 | Lair:2   | Found a staircase to the Swamp.
 10820 | Lair:2   | Found a frozen archway.
 10821 | Lair:2   | 10821 ||| Stepping ~*~*~tactically~*~*~ (hiding).
 10822 | Lair:2   | 10822 ||| Stepping ~*~*~tactically~*~*~ (hiding).
 10876 | Lair:2   | 10876 ||| INVOKING Heroism.
 10917 | Lair:2   | 10917 ||| INVOKING Heroism.
 10970 | Lair:2   | 10970 ||| INVOKING Heroism.
 11178 | Lair:2   | 11178 ||| Stepping ~*~*~tactically~*~*~ (stealth).
 11276 | Lair:2   | 11276 ||| READING scroll labelled BUYVIB WUWUMP.
 11279 | Lair:2   | 11279 ||| READING 8 scrolls of identify.
 11279 | Lair:2   | 11279 ||| IDENTIFYING fuming purple potion
 11280 | Lair:2   | 11280 ||| DROPPING potion of invisibility.
 11373 | Lair:3   | 11373 ||| INVOKING Heroism.
 11477 | Lair:3   | 11477 ||| INVOKING Heroism.
 11509 | Lair:3   | 11509 ||| Stepping ~*~*~tactically~*~*~ (stealth).
 11518 | Lair:3   | Reached skill level 3 in Throwing
 11559 | Lair:3   | 11559 ||| INVOKING Heroism.
 11586 | Lair:3   | 11586 ||| INVOKING Heroism.
 11606 | Lair:3   | Received a gift from Okawaru
 11687 | Lair:3   | 11687 ||| INVOKING Heroism.
 11733 | Lair:3   | Noticed a four-headed hydra
 11734 | Lair:3   | 11734 ||| INVOKING Heroism.
 11735 | Lair:3   | 11735 ||| Stepping ~*~*~tactically~*~*~ (water).
 11739 | Lair:3   | 11739 ||| SWAPPING to +0 war axe of flaming.
 11741 | Lair:3   | Killed a three-headed hydra
 11742 | Lair:3   | 11742 ||| SWAPPING to +4 war axe.
 11868 | Lair:3   | 11868 ||| Stepping ~*~*~tactically~*~*~ (stealth).
 11878 | Lair:3   | Reached XP level 13. HP: 78/84 MP: 16/16
 12024 | Lair:3   | Received a gift from Okawaru
 12424 | Lair:3   | 12424 ||| INVOKING Heroism.
 12559 | Lair:3   | 12559 ||| INVOKING Heroism.
 12778 | Lair:4   | 12778 ||| INVOKING Heroism.
 12968 | Lair:4   | Received a gift from Okawaru
 13036 | Lair:4   | You fall into a shaft and drop 1 floor!
 13036 | Lair:5   | Entered Level 5 of the Lair of Beasts
 13060 | Lair:5   | 13060 ||| INVOKING Heroism.
 13077 | Lair:5   | Reached skill level 6 in Throwing
 13122 | Lair:5   | 13122 ||| Stepping ~*~*~tactically~*~*~ (stealth).
 13202 | Lair:5   | 13202 ||| INVOKING Heroism.
 13207 | Lair:5   | Reached skill level 6 in Invocations
 13222 | Lair:5   | Received a gift from Okawaru
 13240 | Lair:5   | 13240 ||| INVOKING Heroism.
 13285 | Lair:5   | 13285 ||| Stepping ~*~*~tactically~*~*~ (stealth).
 13297 | Lair:5   | 13297 ||| Stepping ~*~*~tactically~*~*~ (stealth).
 13313 | Lair:5   | 13313 ||| INVOKING Heroism.
 13458 | Lair:5   | 13458 ||| INVOKING Heroism.
 13524 | Lair:5   | 13524 ||| INVOKING Heroism.
 13525 | Lair:5   | 13525 ||| Stepping ~*~*~tactically~*~*~ (stealth).
 13544 | Lair:5   | HP: 15/84 [death yak (8)]
 13545 | Lair:5   | 13545 ||| READING scroll of teleportation.
 13546 | Lair:5   | 13546 ||| DRINKING potion of heal wounds.
 13549 | Lair:5   | Found a staircase to the Slime Pits.
 13563 | Lair:5   | HP: 15/84 [komodo dragon (15)]
 13564 | Lair:5   | 13564 ||| INVOKING Heroism.
 13569 | Lair:5   | Slain by a komodo dragon

Levels and vault maps discovered:
D:1:      wheals_arrival_linesprint, layout_rooms,
          hellmonk_ecumenical_altar_heavens_door, patterned_corridor
D:2:      layout_rooms
D:3:      layout_basic, general_overflow_altar
D:4:      layout_loops_cross, mainiacjoe_overflow_catwalk_spiral,
          enter_ossuary_2, serial_bayou_pond_d, minmay_misc_feat_five
D:5:      layout_basic, mainiacjoe_overflow_catwalk, kennysheep_mini_moat,
          temple_hall, serial_shops, shop, nrook_mini_backslash
D:6:      layout_rooms, elyvilon_altar_1, serial_shops, shop, uniq_duvessa,
          uniq_blork_the_orc, uniq_eustachio, uniq_menkaure, uniq_maggie
D:7:      layout_loops_cross, dancing_weapons_uskayaw, ebering_ghost_rock_garden
D:8:      layout_basic, mainiacjoe_overflow_concentric_impassable, zin_statuary,
          nicolae_diode_intersection, uniq_joseph
D:9:      layout_small_grid, nemelex_xobeh_ov_fountains_minmay,
          erik_lair_island, hangedman_abyss_or_decor_passed, glass_columns_c,
          minmay_misc_feat_more_columns, uniq_psyche, uniq_grum
Temple:   chequers_temple_sunken
Lair:1:   dreamdust_cave_troll, layout_cave_pods,
          chequers_serial_rivers_large_a, lemuel_fruit_fields, uniq_harold
Lair:2:   layout_roguey, swamp_mist, dummy_snake_entry,
          portal_ice_cave_entry_imps, serial_bayou_pond_d,
          nicolae_quartered_pool_medium
Lair:3:   layout_layer_cave, special_room [special_room_bee],
          serial_bayou_shore_a
Lair:4:   layout_regular_city, serial_bayou_shore_b, grunt_megastairs_3
Lair:5:   hangedman_lair_tendril_chambers, layout_misc_corridors,
          nicolae_slime_entry_slimehenge, grunt_forest_large_clearings

Skill      XL: |  1  2  3  4  5  6  7  8  9 10 11 12 13 |
---------------+----------------------------------------+-----
Axes           | 2 3 4 5 6 7 9 10 11 12 14 | 14.7
Fighting       | 4 5 6 7 9 10 11 | 11.0
Dodging        | 1 2 3 4 |  4.1
Throwing       | 2 4 6 |  6.0
Armour         | 5 6 7 8 |  8.1
Shields        | 4 5 6 7 |  7.0
Invocations    | 1 4 7 |  7.6

Action                     |  1- 3 |  4- 6 |  7- 9 | 10-12 | 13-15 || total
---------------------------+-------+-------+-------+-------+-------++-------
  Melee: War axe           |    77 |   202 |   269 |   547 |   278 ||  1373
         Unarmed           |       |       |     7 |       |       ||     7
  Throw: Boomerang         |    56 |    23 |    54 |    59 |       ||   192
         Javelin           |       |       |       |    22 |    28 ||    50
 Invoke: Heroism           |       |       |       |    26 |    10 ||    36
    Use: Scroll            |     2 |     6 |     6 |     6 |     1 ||    21
         Potion            |       |     5 |     4 |     1 |     1 ||    11
   Stab: Paralysed         |       |       |     2 |       |       ||     2
 Armour: Scale mail        |    39 |    18 |       |       |       ||    57
         Chain mail        |       |    87 |   176 |   288 |   189 ||   740
  Dodge: Dodged            |    41 |    77 |   105 |   226 |   187 ||   636
  Block: Buckler           |    10 |    29 |    60 |   152 |   127 ||   378

Table legend:
 A = Non-vault XP
 B = Vault XP
 C = Vault XP percentage of total XP
 D = Non-vault monster count
 E = Vault monster count
 F = Vault count percentage of total count
                 A         B        C        D         E       F
            +---------+---------+-------+---------+---------+-------
      Total |   35252 |   12824 |  26.7 |     286 |     104 |  26.7
            +---------+---------+-------+---------+---------+-------
        D:1 |      41 |       0 |   0.0 |      25 |       0 |   0.0
        D:2 |      73 |       0 |   0.0 |      23 |       0 |   0.0
        D:3 |      30 |       0 |   0.0 |      11 |       0 |   0.0
        D:4 |     147 |       0 |   0.0 |       9 |       0 |   0.0
        D:5 |     862 |     388 |  31.0 |      22 |       3 |  12.0
        D:6 |    1009 |     667 |  39.8 |      16 |       3 |  15.8
        D:7 |    1148 |       0 |   0.0 |      18 |       0 |   0.0
        D:8 |    3789 |     772 |  16.9 |      36 |       2 |   5.3
        D:9 |    2744 |     980 |  26.3 |      18 |       8 |  30.8
     Lair:1 |    7043 |    1604 |  18.5 |      32 |       2 |   5.9
     Lair:2 |    4964 |     122 |   2.4 |      24 |      12 |  33.3
     Lair:3 |    6487 |    1718 |  20.9 |      25 |      24 |  49.0
     Lair:4 |    2080 |     545 |  20.8 |      12 |       2 |  14.3
     Lair:5 |    4835 |    5856 |  54.8 |      15 |      22 |  59.5
    Ossuary |       0 |     172 | 100.0 |       0 |      26 | 100.0
            +---------+---------+-------+---------+---------+-------
